AoeStats
← IBlink182

Arena

508938635Analyzed
2v2 RM · 7d ago on Sep 24, 2026· 41m 41s· 4 players
Game mode
Random Map
Map size
Medium (4 player)
Population
200
Speed
Normal
Resources
Standard
Victory
Conquest
Starting age
Dark Age
Ending age
Imperial Age
RankedLock teamsTeams togetherTeam positionsShared explorationLock speedFull tech treeHidden civsTurbo modeCheats
Victory
Defeat
🇫🇷 Koreans · France
749
+15
🇵🇪 Teutons · Peru
709
+17
🇨🇱 Romans · Chile
727
-16
🇨🇱 Cumans · Chile
726
-16
IBlink182
11:42 Feudal Age
12:13 Double-Bit Axe
13:00 Man-at-Arms
13:27 Horse Collar
21:36 Castle Age
19:53 Stone Mining
20:14 Gold Mining
20:46 Scale Mail Armor
22:13 Wheelbarrow
22:27 Bow Saw
23:21 Chain Mail Armor
23:13 Heavy Plow
32:33 Town Watch
The Rock 49
0:37 Loom
12:01 Feudal Age
18:23 Castle Age
17:44 Town Watch
18:22 Double-Bit Axe
18:34 Horse Collar
20:12 Wheelbarrow
26:30 Bow Saw
26:23 Heavy Plow
33:40 Imperial Age
33:04 Hand Cart
34:34 Capped Ram
38:57 Arson
39:13 Squires
41:32 Elite Fire Lancer
ReeeeviL25
5:24 Loom
13:49 Feudal Age
14:31 Man-at-Arms
15:02 Horse Collar
18:30 Scale Mail Armor
19:56 Double-Bit Axe
20:49 Wheelbarrow
20:27 Forging
27:33 Castle Age
25:42 Stone Mining
28:01 Scale Barding Armor
28:11 Bloodlines
27:49 Long Swordsman
28:30 Squires
27:53 Light Cavalry
29:01 Gold Mining
29:29 Bow Saw
31:15 Iron Casting
31:44 Chain Mail Armor
31:52 Chain Barding Armor
41:20 Hand Cart
ReeeeviL
10:13 Loom
12:37 Feudal Age
14:48 Wheelbarrow
15:00 Horse Collar
17:04 Man-at-Arms
18:17 Forging
18:03 Town Watch
19:23 Scale Mail Armor
21:57 Double-Bit Axe
22:09 Gold Mining
22:10 Stone Mining
26:39 Castle Age
28:58 Hand Cart
29:11 Bow Saw
28:56 Fletching
30:44 Heavy Plow
30:51 Padded Archer Armor
32:05 Capped Ram
35:01 Ballistics
34:39 Bodkin Arrow
Connection lost

Rejoining the realm…

Still unreachable

The connection could not be restored.

Session expired

The server has moved on; the page needs a fresh start.